Map: Crête de Lerilak

Players

Worming - Winner!

  • Race: Zerg Zerg
  • League: Diamond

Kinder

  • Race: Terran Terran
  • League: Diamond

VOD

Have the link to the VOD?

Description

Time

  • Played on: Nov. 14, 2015, 2:01 p.m.
  • Length: 14:58
Show
View Real Time Build Order
Export as new Build Order

Worming Zerg - Winner!

Build Orders: 3 Hatch before Pool, Lurkers 

Get SALT Encoding   

  12  0:01  Drone  
  13  0:12  Overlord  
  13  0:17  Drone  
  14  0:30  Drone x2  
  14  0:34  Drone  
  17  0:52  Hatchery  
  17  0:55  Drone  
  17  1:19  Drone  
  17  1:21  Hatchery  
  17  1:31  Spawning Pool  
  16  1:35  Drone  
  17  1:45  Drone x2  
  19  1:49  Overlord  
  19  1:58  Drone  
  20  2:09  Drone  
  20  2:12  Drone  
  22  2:18  Queen  
  22  2:20  Zergling x4  
  26  2:24  Queen  
  28  2:34  Extractor  
  27  2:49  Drone x7, Extractor  
  33  3:01  Drone  
  33  3:03  Queen  
  33  3:04  Queen  
  38  3:13  Zergling x2  
  38  3:14  Drone  
  38  3:15  Drone x2  
  42  3:24  Overlord  
  42  3:27  Overlord  
  41  3:36  Drone  
  41  3:37  Overlord  
  41  3:50  Drone x3  
  41  3:54  Overlord  
  44  3:57  Drone x5  
  44  4:00  Extractor x2  
  47  4:11  Drone x3  
  47  4:12  Drone  
  51  4:19  Drone x4  
  51  4:24  Drone x5  
  60  4:28  Extractor  
  59  4:31  Evolution Chamber  
  59  4:32  Drone, Spine Crawler  
  59  4:35  Extractor  
  59  4:36  Drone x2  
  59  4:38  Overlord  
  59  4:51  Drone x4  
  63  4:53  Overlord  
  63  4:54  Drone, Extractor x2  
  63  4:55  Drone x4  
  63  4:56  Drone, Zergling x2  
  63  4:57  Metabolic Boost  
  68  5:03  Zerg Missile Weapons Level 1  
  68  5:08  Zergling x6  
  68  5:11  Queen x2  
  65  5:30  Drone x2  
  65  5:31  Drone x2  
  69  5:38  Drone x3  
  69  5:39  Drone x3  
  75  5:45  Roach Warren  
  75  5:47  Lair  
  58  6:29  Roach x4  
  58  6:30  Roach x13  
  90  6:35  Overlord x3  
  90  6:46  Overlord  
  80  7:05  Hatchery, Roach x6  
  80  7:07  Hatchery  
  90  7:13  Zerg Missile Weapons Level 2  
  90  7:15  Glial Reconstitution  
  90  7:17  Burrow  
  90  7:19  Queen  
  92  7:29  Zergling x2  
  61  8:11  Roach x12  
  79  8:18  Drone x3  
  79  8:19  Queen  
  78  8:22  Roach  
  82  8:32  Ravager x3  
  82  8:33  Tunneling Claws, Ravager x5  
  90  8:34  Zergling x8  
  90  8:35  Zergling x4  
  90  8:40  Queen x2  
  100  8:45  Drone x5  
  105  8:50  Overseer  
  105  8:55  Pneumatized Carapace  
  79  9:23  Drone x4  
  79  9:24  Drone x2  
  85  9:29  Zerg Ground Armor Level 1  
  85  9:30  Hydralisk Den  
  84  9:31  Zergling x2  
  84  9:32  Zergling x24  
  84  9:35  Drone x2  
  99  9:41  Hatchery  
  99  9:43  Overlord  
  98  9:50  Overlord  
  98  9:59  Hydralisk, Lurker Den  
  98  10:00  Hydralisk x8  
  98  10:03  Zergling x2  
  107  10:48  Roach x7, Hydralisk x9  
  139  10:58  Hydralisk x2  
  139  10:59  Zergling x14  
  139  11:01  Overlord x3  
  139  11:03  Overseer  
  149  11:20  Drone x2, Extractor x2  
  149  11:21  Drone x4  
  149  11:25  Lurker x4  
  157  11:36  Zergling x18  
  166  11:45  Zergling x2  
  167  11:52  Hatchery  
  138  12:19  Roach, Hydralisk x4  
  138  12:20  Zergling x2, Roach x4, Hydralisk  
  138  12:21  Zergling x16  
  162  13:03  Roach x2, Hydralisk x3  
  162  13:04  Roach x2  
  173  13:09  Overlord  
  173  13:27  Evolution Chamber  
  167  13:49  Extractor  
  158  13:57  Hydralisk x2  
  158  13:58  Zergling x2, Roach x4, Hydralisk  
  158  13:59  Zergling x12  
  144  14:29  Hydralisk x3  
  144  14:30  Roach x4, Hydralisk  
  144  14:31  Roach  
Show
View Real Time Build Order
Export as new Build Order

Kinder Terran 

Build Orders: Reaper Expand, MMM Bio 

Get SALT Encoding   

  12  0:01  SCV  
  13  0:13  SCV  
  14  0:17  Supply Depot  
  14  0:25  SCV  
  15  0:35  Refinery  
  15  0:39  SCV  
  16  0:47  Barracks  
  16  0:52  SCV  
  18  1:04  SCV  
  18  1:17  SCV  
  19  1:33  Orbital Command  
  19  1:34  Reaper  
  20  1:48  Command Center  
  20  1:59  Factory  
  20  2:04  SCV  
  20  2:07  Marine  
  22  2:22  SCV  
  23  2:29  Supply Depot  
  23  2:37  Barracks Reactor  
  24  2:51  SCV  
  24  2:59  Barracks  
  24  3:03  Barracks, SCV  
  24  3:04  Orbital Command  
  25  3:12  Bunker  
  25  3:15  SCV  
  26  3:21  Hellion x2  
  26  3:25  Marine  
  31  3:27  SCV  
  32  3:34  SCV  
  32  3:39  SCV  
  34  3:46  SCV  
  35  3:51  SCV  
  35  3:52  Hellion x2  
  40  3:55  Marine  
  40  3:56  Marine  
  40  3:58  SCV  
  40  3:59  Barracks Reactor  
  43  4:04  SCV  
  43  4:07  Supply Depot  
  44  4:10  SCV  
  44  4:13  Marine  
  46  4:18  Supply Depot  
  46  4:28  Hellion x2, SCV, Marine  
  46  4:29  Supply Depot  
  52  4:31  Marine  
  52  4:36  Marine  
  54  4:39  Engineering Bay, Marine  
  54  4:40  Refinery  
  54  4:41  Engineering Bay  
  54  4:42  Starport, SCV x2  
  57  4:48  Barracks Tech Lab, Supply Depot  
  57  4:49  Barracks Reactor  
  57  4:54  SCV  
  57  4:56  Armory  
  58  5:00  Hellion  
  58  5:04  Hellion  
  59  5:21  Marine  
  59  5:22  Marine x2  
  59  5:26  Marine x2  
  59  5:28  Hellion x2  
  68  5:31  SCV x2  
  68  5:34  Refinery  
  70  5:39  Marine x2  
  70  5:42  Terran Infantry Weapons Level 1, Stimpack  
  72  5:43  SCV  
  72  5:45  Starport Reactor  
  72  5:49  SCV  
  74  5:52  Refinery, Supply Depot  
  74  5:55  SCV, Marine x3  
  78  6:01  Supply Depot  
  78  6:13  Marine  
  78  6:14  SCV  
  80  6:26  Marine x4  
  80  6:27  Medivac  
  80  6:28  Medivac  
  80  6:31  Marine  
  80  6:32  Command Center  
  91  6:43  SCV x2  
  89  6:49  Marauder, Marine x2  
  89  6:51  Liberator  
  84  6:57  Factory Tech Lab  
  66  7:02  Marine x2  
  66  7:03  Bunker, SCV x2  
  66  7:07  Marine  
  67  7:11  Marauder  
  69  7:17  SCV x2  
  69  7:19  Widow Mine  
  73  7:25  Marine x2  
  73  7:26  Marine x2  
  73  7:28  Medivac  
  79  7:32  Supply Depot, Marauder  
  79  7:36  Supply Depot  
  79  7:47  Widow Mine  
  79  7:50  Marine x4  
  78  7:53  Marauder  
  71  8:07  Marine  
  71  8:08  Marine x2  
  71  8:10  SCV x2  
  74  8:12  Marine  
  74  8:15  Medivac, Combat Shields, Marauder  
  79  8:22  SCV  
  79  8:25  Marine  
  81  8:29  Marine x2  
  81  8:31  Siege Tank  
  86  8:36  Medivac, Marauder  
  90  8:49  Marine x2  
  90  8:50  Marine x2  
  90  8:51  Terran Infantry Armor Level 1  
  94  8:57  Marauder  
  92  9:07  Marine x2  
  79  9:17  Marine x2  
  79  9:19  Marauder  
  83  9:25  Marine x2  
  83  9:26  Bunker  
  83  9:29  Siege Tank  
  88  9:31  Orbital Command  
  88  9:32  SCV x2  
  88  9:34  Marine  
  88  9:35  Marine  
  92  9:40  Marauder  
  92  9:41  Medivac x2  
  92  9:44  SCV  
  99  9:46  Armory, Barracks, SCV  
  99  9:47  Barracks  
  100  9:58  SCV x3  
  103  10:02  Marauder  
  103  10:03  Marine x2  
  107  10:09  Siege Tank  
  107  10:10  SCV x3  
  110  10:22  Medivac  
  110  10:23  Marauder  
  110  10:24  Marine x3  
  110  10:25  Marine  
  114  10:41  Medivac  
  114  10:42  Marine x3  
  118  10:44  Marauder  
  118  10:45  Barracks Tech Lab  
  118  10:48  SCV x3  
  124  10:50  Refinery  
  124  10:51  Refinery  
  124  10:59  Supply Depot x2  
  124  11:00  Supply Depot, SCV  
  124  11:01  Medivac  
  127  11:06  Marauder  
  130  11:11  SCV x2  
  130  11:12  SCV  
  132  11:19  Marine  
  132  11:20  Marauder, Marine x4  
  132  11:21  Siege Tank  
  142  11:27  Marauder  
  144  11:37  Marine  
  144  11:38  Command Center, Marine x4  
  149  11:41  Terran Infantry Weapons Level 2  
  149  11:42  Marauder  
  151  11:49  Marauder  
  137  11:55  Marine  
  137  11:56  Marine x2  
  123  12:02  Marine x2  
  123  12:03  Marauder  
  125  12:10  Marauder  
  125  12:12  Marine  
  125  12:14  Marine x2  
  125  12:15  SCV x2  
  125  12:19  Marine  
  125  12:20  Siege Tank  
  131  12:25  Marauder  
  131  12:27  Marine  
  134  12:30  Marine  
  134  12:31  Marauder  
  134  12:32  Marine  
  134  12:33  SCV  
  134  12:34  SCV x2  
  141  12:37  Supply Depot  
  141  12:45  SCV  
  141  12:46  Marauder, SCV  
  145  12:52  Siege Tank  
  145  12:54  Supply Depot  
  145  12:56  Marine x3  
  145  12:57  Marauder, Marine x2  
  139  13:07  Marine  
  139  13:08  Orbital Command  
  139  13:10  Supply Depot  
  139  13:11  Supply Depot  
  139  13:14  Marine x3  
  139  13:15  Factory, Marine  
  139  13:16  Medivac  
  139  13:18  Marauder  
  147  13:25  Siege Tank, Marauder  
  152  13:34  Command Center  
  152  13:51  Marine  
  152  13:52  Marine x4  
  154  13:56  Marine  
  154  13:57  Marine  
  154  13:58  Siege Tank  
  159  14:09  Marine x2  
  150  14:15  Marauder  
  150  14:16  Marauder, Marine x3  
  106  14:27  Marine x2  
  103  14:33  Marine  
  103  14:34  Marine x2  
  103  14:36  Marauder  
  89  14:43  SCV x3  
Tags
 
Add a new tag
Caveats
  • Supply blocks, unpowered buildings, or Contaminate may cause inaccurate times.
  • Supply counts are checked every 10 seconds.